 Dungeon Crawl Stone Soup version 0.30.2 (webtiles) character file.

Game seed: 10327176706974377229

128 porpoise the Shooter (level 4, -2/40 HPs)
             Began as a Minotaur Hunter on Jan 28, 2024.
             Killed by divine providence
             ... invoked by an orc priest
              (13 damage)
             ... on level 4 of the Dungeon.
             The game lasted 00:04:50 (2530 turns).

porpoise the Shooter (Minotaur Hunter)              Turns: 2530, Time: 00:04:52

Health: -2/40      AC:  5    Str: 15    XL:     4   Next: 87%
Magic:  3/3        EV: 11    Int:  6    God:
Gold:   170        SH:  0    Dex: 16    Spells: 3/3 levels left

rFire   . . .        a - +0 shortbow
rCold   . . .        (shield currently unavailable)
rNeg    . . .        f - +0 ring mail
rPois   .            (helmet restricted)
rElec   .            (no cloak)
rCorr   .            (no gloves)
SInv    .            (no boots)
Will    .....        (no amulet)
Stlth   +            (no ring)
HPRegen 0.26/turn    (no ring)
MPRegen 0.08/turn

%: no passive effects
@: no status effects
A: horns 2, retaliatory headbutt
a: no special abilities


You were on level 4 of the Dungeon.
You visited 1 branch of the dungeon, and saw 4 of its levels.

You collected 170 gold pieces.

Inventory:

Hand Weapons
 a - a +0 shortbow (weapon)
 b - a +0 rapier
Missiles
 i - 5 poisoned darts
Armour
 f - a +0 ring mail (worn)
Scrolls
 d - a scroll of fear {unknown}
 e - a scroll of immolation
 g - a scroll of enchant weapon {unknown}
 k - a scroll of blinking
 m - a scroll of enchant armour {unknown}
 p - a scroll of teleportation
 q - a scroll of identify {unknown}
 r - a scroll of poison {unknown}
Potions
 c - a potion of ambrosia {unknown}
 h - 2 potions of might {unknown}
 j - a potion of flight {unknown}
 l - 2 potions of heal wounds {unknown}
 n - a potion of invisibility {unknown}
 o - a potion of degeneration {unknown}
 s - a potion of resistance {unknown}


   Skills:
 + Level 3.8 Fighting
 * Level 5.9 Ranged Weapons
 - Level 2.0 Armour
 - Level 2.1 Dodging
 - Level 0.7 Stealth


You had 3 spell levels left.
You didn't know any spells.
Your spell library contained the following spells:

 Spells                   Type           Power      Damage    Failure   Level
 Cigotuvi's Dreadful Rot  Necr/Pois/Air  0%         N/A       82%         2
 Ignite Poison            Fire/Tmut/Pois 0%         N/A       96%         3
 Inner Flame              Hex/Fire       0%         N/A       96%         3
 Flame Wave               Conj/Fire      0%         2d4       100%        4
 Sticky Flame             Conj/Fire      0%         2d3       100%        4
 Freezing Cloud           Conj/Ice/Air   0%         6-21      100%        5
 Iskenderun's Battlesphe  Conj           0%         2d6       100%        5
 Iron Shot                Conj/Erth      0%         9d1       100%        6
 Spellforged Servitor     Conj/Summ      0%         N/A       100%        7


Dungeon Overview and Level Annotations

Branches:
Dungeon (4/15)
 Temple: D:4-7

Altars:


Innate Abilities, Weirdness & Mutations

You have a pair of horns on your head.
You reflexively headbutt those who attack you in melee.


Message History

You shoot an arrow. The arrow hits the hobgoblin.
The hobgoblin is heavily wounded.
You shoot an arrow. The arrow hits the hobgoblin!
You kill the hobgoblin!
No target in view!
An orc comes into view. It is wielding a +0 club.
The orc shouts!
You hear a shout! x2
An orc comes into view. It is wielding a +0 club.
You shoot an arrow. The arrow barely misses the orc.
You shoot an arrow. The arrow hits the orc.
The orc is lightly wounded.
An orc priest comes into view. It is wielding a +0 war axe.
You shoot an arrow. The arrow hits the orc.
The orc is heavily wounded.
The orc priest mumbles some strange prayers to Beogh against you.
Beogh smites you!
You shoot an arrow. The arrow hits the orc.
You kill the orc!
An orc priest comes into view. It is wielding a +0 club.
An orc comes into view. It is wielding a +0 falchion.
You shoot an arrow. The orc shouts!
The orc priest shouts!
The arrow hits the orc but does no damage.
You shoot an arrow. The arrow hits the orc.
The orc is heavily wounded.
The orc hits you with a +0 club.
You shoot an arrow. The arrow hits the orc.
You kill the orc!
The orc priest attacks as you move away!
The orc priest closely misses you.
The orc priest attacks as you move away!
The orc priest hits you with a +0 war axe!
The orc priest attacks as you move away!
The orc priest hits you with a +0 war axe.
The orc priest calls down the wrath of Beogh upon you.
Beogh smites you!
* * * LOW HITPOINT WARNING * * *
The orc priest invokes the aid of Beogh against you.
Beogh smites you!
You die...

..# .. #.#....### ..# #.
#.#.##.# ..#####.#
#.#.##.# <........#
#......#
........).####..####
.....##...o...#.#
......#...).....#
##.>...../...oo.########
##...##...######@......#
.......... #.#......
#######.## #.# .##.# #..
#.. .. #. #.. .. # #..#
.# #..# # ....


You could see 2 orc priests and an orc.

Vanquished Creatures
  A gnoll (D:1)
  2 adders (D:2)
  5 dart slugs
  7 orcs
  6 bats
  4 endoplasms (D:2)
  3 giant cockroaches
  6 goblins
  8 hobgoblins
  10 jackals
  2 quokkas
  11 ball pythons
  3 frilled lizards
  3 kobolds
  A rat (D:1)
72 creatures vanquished.

Notes
Turn   | Place    | Note
-------+----------+-------------------------------------------
     0 | D:1      | porpoise the Minotaur Hunter began the quest for the Orb.
     0 | D:1      | Reached XP level 1. HP: 18/18 MP: 0/0
   157 | D:1      | Reached XP level 2. HP: 25/25 MP: 1/1
   380 | D:1      | Reached skill level 5 in Ranged Weapons
   380 | D:1      | Reached skill level 1 in Armour
   447 | D:1      | Reached XP level 3. HP: 31/31 MP: 2/2
  1273 | D:2      | Reached XP level 4. HP: 38/38 MP: 3/3
  2530 | D:4      | Killed from afar by an orc priest

Illustrated notes

Levels and vault maps discovered:
D:1:      dpeg_chamrin_arrival_tetris, layout_loops_corners
D:2:      layout_rooms
D:3:      layout_loops_corners
D:4:      layout_loops_cross, kennysheep_mini_moat, nicolae_shop_clearance

Skill      XL: |  1  2  3 |
---------------+----------+-----
Fighting       | 3 |  3.8
Ranged Weapons | 5 |  5.9
Armour         | 1 2 |  2.0
Dodging        | |  2.1
Stealth        | |  0.7

Action                     |  1- 3 |  4- 6 || total
---------------------------+-------+-------++-------
   Fire: Shortbow          |    91 |    81 ||   172
    Use: Scroll            |       |     2 ||     2
 Armour: Leather armour    |     1 |       ||     1
         Ring mail         |     8 |    12 ||    20
  Dodge: Dodged            |    27 |    13 ||    40
